 Dungeon Crawl Stone Soup version 0.18-a0-1481-g708b138 (webtiles) character file.

20191 vliron the Grappler (level 12, -2/126 HPs)
             Began as a Troll Chaos Knight on Feb 29, 2016.
             Killed from afar by a frost giant (42 damage)
             ... with a bolt of cold
             ... in an ice cave on Mar 2, 2016.
             The game lasted 02:17:21 (10529 turns).

vliron the Grappler (Troll Chaos Knight)           Turns: 10529, Time: 02:17:22

Health: -2/126     AC: 11    Str: 21      XL:     12   Next: 43%
Magic:  11/11      EV: 15    Int:  5 (6)  God:    Xom [......]
Gold:   658        SH:  2    Dex: 15      Spells: 2 memorised, 8 levels left

rFire  + . .     SeeInvis +     b - +0 blowgun
rCold  . . .     Gourm    +     A - +2 robe {MR+}
rNeg   . . .     Faith    .     (no shield)
rPois  .         Spirit   .     y - +1 hat
rElec  .         Dismiss  .     x - +0 cloak
rCorr  .         Reflect  .     (gloves unavailable)
SustAt .         Harm     .     (boots unavailable)
MR     +....                    C - amulet of magic regeneration
Stlth  +.........               M - ring of see invisible
                                E - +2 ring of dexterity

@: somewhat resistant to hostile enchantments, very unstealthy
A: unfitting armour, claws 3, repulsion field 1, large bone plates 1,
deterioration 1, dopey 1, fire resistance 1, fast metabolism 3, gourmand,
regeneration 2, shaggy fur 1, tough skin 2, weak 1
a: Renounce Religion


You were in an ice cave.
You worshipped Xom.
You were a very special plaything of Xom.
You were very full.

You visited 1 branch of the dungeon, and saw 14 of its levels.
You also visited: Ice Cave.

You collected 826 gold pieces.
You spent 168 gold pieces at shops.

Inventory:

Hand Weapons
 b - a +0 blowgun (weapon)
 d - a +0 giant spiked club
 t - a +3 scimitar of flaming
 B - a +5 vampiric dagger
 I - a +0 short sword of freezing
 P - a +2 flail of venom
 Q - a +0 halberd of holy wrath
 U - a +4 rapier
Missiles
 w - 44 poisoned needles (quivered)
 K - 8 tomahawks
 L - a throwing net
Armour
 x - a +0 cloak (worn)
 y - a +1 hat (worn)
 A - a +2 robe of magic resistance (worn)
Magical Staves
 F - an uncursed staff of wizardry
Jewellery
 c - an uncursed ring of flight
 C - an amulet of magic regeneration (around neck)
 D - an uncursed ring of fire
 E - a +2 ring of dexterity (left claw)
 M - a ring of see invisible (right claw)
 W - an uncursed ring of magical power
Wands
 o - a wand of lightning (0/15)
 u - a wand of flame (26/48)
 V - a wand of enslavement (12/24)
 Y - a wand of iceblast (6/15)
 Z - a wand of iceblast (6/15)
Scrolls
 i - a scroll of enchant armour
 j - 4 scrolls of remove curse
 H - 2 scrolls of enchant weapon
 O - 5 scrolls of identify
Potions
 a - 2 potions of might
 g - 5 potions of lignification
 h - 4 potions of flight
 l - 6 potions of curing
 r - 3 potions of mutation
 v - 5 potions of brilliance
 z - 4 potions of cancellation
 J - a potion of agility
 N - 2 potions of magic
 S - a potion of berserk rage
Books
 q - the Grimoire of the Birds and Confrontation
   (You found it on level 9 of the Dungeon)

   Spells                             Type                      Level
   a - Shock                          Conjuration/Air              1
   b - Static Discharge               Conjuration/Air              3
   c - Summon Lightning Spire         Summoning/Air                4
   d - Lightning Bolt                 Conjuration/Air              5
   e - Deflect Missiles               Charms/Air                   6
 G - a book of Air

   Spells                             Type                      Level
   a - Shock                          Conjuration/Air              1
   b - Swiftness                      Charms/Air                   2
   c - Repel Missiles                 Charms/Air                   2
   d - Static Discharge               Conjuration/Air              3
   e - Lightning Bolt                 Conjuration/Air              5
Comestibles
 f - 5 bread rations
 n - 7 meat rations
 s - 20 fruits
 T - 2 beef jerkies
 X - a royal jelly


   Skills:
 + Level 10.2 Fighting
 - Level 3.0 Short Blades
   Level 1.7(2.6) Slings
 - Level 4.0(4.3) Throwing
 + Level 6.4 Dodging
 * Level 13.8 Unarmed Combat
 - Level 1.0 Evocations


You had 8 spell levels left.
You knew the following spells:

 Your Spells              Type           Power        Failure   Level  Hunger
a - Shock                 Conj/Air       #...         56%         1    ##.....
b - Repel Missiles        Chrm/Air       #.....       80%         2    ###....


Dungeon Overview and Level Annotations

Branches:
Dungeon (14/15)            Temple (0/1) D:6             Orc (0/2) D:10
 Vaults (0/5) D:13
   Lair: D:8-11

Altars:
Fedhas
Gozag
Kikubaaqudgha
Nemelex Xobeh
Okawaru
Pakellas
Ru
Sif Muna
Vehumet
Yredelemnul
The Shining One

Shops:
D:4 =   D:5 }

Annotations:
D:3 1 runed door


Innate Abilities, Weirdness & Mutations

You are too large for most types of armour.
You have claws for hands.
Your metabolism is lightning-fast.
You like to eat raw meat.
You heal very quickly.
You are covered in fur (AC +1).
You have very tough skin (AC +2).
You are surrounded by a mild repulsion field (EV +2).
You are partially covered in large bone plates (AC +2, SH +2).
Your body sometimes deteriorates upon taking damage.
You are dopey. (Int -2)
Your flesh is heat resistant.
You are weak. (Str -2)


Message History

You assume a fearsome visage.
The frost giant looks frightened!
The frost giant is engulfed in freezing vapours.
Items here: ÷÷÷÷÷ a polar bear skeleton; a yak skeleton x4
You start resting.
Wield which item (- for none, * to show all)? (? for menu, Esc to quit)
Your +3 scimitar of flaming stops flaming.
b - a +0 blowgun (weapon)
Drink which item? (? for menu, Esc to quit)
You feel better.
Fire/throw which item? (* to show all) (? for menu, Esc to quit)
Press: ? - help, Shift-Dir - straight line, f - frost giant
Aim: a frost giant, wielding a battleaxe of freezing (lightly wounded)
You throw a throwing net. The throwing net hits the frost giant.
The frost giant is too large for the net to hold!
The frost giant is lightly wounded.
The frost giant casts a spell at you. The bolt of cold hits you!
You die...
Xom roars with laughter!

≈##≈≈ #..### ### #≈≈≈≈≈##
##...## #.. ### ≈≈#≈#≈≈##
###..# ##. # ##...§
≈≈≈≈≈≈≈≈####..## ## .##.C§#
≈≈≈≈≈≈≈≈≈≈###..## #.§§§#
#≈≈#≈≈≈≈ ###..# ..#
#####≈≈≈####≈≈.## .##
###C..##≈≈≈#≈≈#### ##
##..##@.≈#≈≈≈≈## .##
#..#####.≈≈#≈≈≈###
..##########..#..#######≈≈≈#
...##...##.C.#..#
##.###≈≈≈≈≈≈≈≈
##.÷.##.C.#######
#.⌠.########## ##########
#.#.## ## ##


You could see a frost giant.

Vanquished Creatures
  Gastronok (D:10)
  Erolcha (D:10)
  Erica (D:10)
  2 death yaks (IceCv)
  The ghost of EnragedOxygen the Carver, a novice DsAK of Lugonu (D:7)
  2 hill giants (D:10)
  Pikel (D:7)
  Joseph (D:9)
  9 polar bears (IceCv)
  A troll (D:9)
  A raiju (IceCv)
  A two-headed ogre (D:9)
  A wyvern (D:8)
  Eustachio (D:5)
  24 yaks
  A human (D:12)
  A hippogriff (D:10)
  A hungry ghost (D:10)
  A steam dragon (D:6)
  Edmund (D:5)
  10 wolves (IceCv)
  Duvessa (D:4)
  4 orc warriors
  3 sky beasts
  A black bear (D:10)
  2 necrophages
  An eye of draining (D:10)
  2 ice beasts (D:10)
  A centaur (D:9)
  An ogre (D:4)
  2 big kobolds
  6 giant frogs
  3 jellies
  Dowan (D:3)
  3 scorpions
  3 wights (D:6)
  7 killer bees
  3 howler monkeys (D:9)
  An electric eel (D:8)
  7 crimson imps
  A centaur zombie (D:10)
  2 hounds
  2 gnoll shamans (D:6)
  A hound (shapeshifter) (D:6)
  2 orc priests (D:8)
  An iguana (D:5)
  Natasha (thrice) (D:3)
  9 orc wizards
  8 worker ants
  A hound zombie (D:6)
  A hound skeleton (D:5)
  2 worker ant zombies
  Robin (D:4)
  29 gnolls (D:6)
  A howler monkey skeleton (D:5)
  18 adders
  2 shadow imps
  12 white imps (D:12)
  2 oozes (D:2)
  2 adder zombies (D:5)
  2 adder skeletons (D:4)
  3 worms
  A dart slug (D:1)
  4 giant geckos
  29 orcs
  7 bats
  9 giant cockroaches
  15 goblins
  4 hobgoblins
  28 jackals
  5 quokkas
  A giant gecko zombie (D:5)
  5 giant newts
  A jackal skeleton (D:4)
  14 kobolds
  12 rats
355 creatures vanquished.

Vanquished Creatures (collateral kills)
  Snorg (D:10)
  A centaur warrior (D:14)
  4 yaks
  A killer bee (D:10)
  An ooze (D:4)
  2 goblins (D:4)
  A hobgoblin (D:4)
  A jackal (D:6)
12 creatures vanquished.

Vanquished Creatures (others)
  A ball lightning (D:10)
  4 polar bears (IceCv)
  A worker ant (D:6)
  2 adders
  A worm (D:6)
  3 orcs
12 creatures vanquished.

Grand Total: 379 creatures vanquished

Notes
Turn   | Place    | Note
--------------------------------------------------------------
     0 | D:1      | vliron the Troll Chaos Knight began the quest for the Orb.
     0 | D:1      | Reached XP level 1. HP: 22/22 MP: 0/0
   337 | D:1      | Reached XP level 2. HP: 29/29 MP: 1/1
   390 | D:1      | XOM: divination: detect creatures
   589 | D:1      | XOM: divination: magic mapping
   699 | D:1      | XOM: harmless Divn miscast
   748 | D:1      | Reached skill level 4 in Unarmed Combat
   969 | D:1      | XOM: silly message
  1101 | D:2      | Reached XP level 3. HP: 36/36 MP: 2/2
  1205 | D:2      | XOM: confuse monster(s)
  1234 | D:2      | XOM: cast spell 'Ring of Flames'
  1258 | D:2      | Reached skill level 5 in Unarmed Combat
  1258 | D:2      | Reached XP level 4. HP: 40/44 MP: 3/3
  1416 | D:2      | XOM: medium Trmt miscast
  1450 | D:2      | Gained mutation: You are weak. (Str -2) [mutagenic glow]
  1476 | D:2      | XOM: give mutations
  1476 | D:2      | Gained mutation: You are dopey. (Int -2) [Xom's mischief]
  1476 | D:2      | Gained mutation: Your body sometimes deteriorates upon taking damage. [Xom's mischief]
  1675 | D:3      | Noticed Natasha
  1681 | D:3      | Killed Natasha
  1681 | D:3      | Reached XP level 5. HP: 50/50 MP: 4/4
  1761 | D:3      | XOM: silly message
  1806 | D:3      | Noticed Natasha
  1808 | D:3      | XOM: medium Chrm miscast
  1811 | D:3      | Found an oddly glowing altar of Pakellas.
  1821 | D:3      | Killed Natasha
  1821 | D:3      | Reached skill level 6 in Unarmed Combat
  1890 | D:3      | XOM: 1-stop teleportation journey
  1951 | D:3      | Noticed an angel
  1952 | D:3      | Found a glowing golden altar of the Shining One.
  1953 | D:3      | Found a runed door.
  1967 | D:3      | XOM: stat loss: -1 Str (17/18)
  2034 | D:3      | Noticed Natasha
  2036 | D:3      | XOM: repel stairs
  2040 | D:3      | Killed Natasha
  2087 | D:3      | XOM is BORED!
  2087 | D:3      | XOM: noise
  2177 | D:3      | XOM: colour smoke trail
  2314 | D:4      | XOM: repel stairs
  2321 | D:4      | Noticed Duvessa
  2323 | D:4      | XOM: blink monster(s)
  2331 | D:4      | Noticed Dowan
  2344 | D:3      | Reached skill level 1 in Short Blades
  2344 | D:3      | Reached XP level 6. HP: 33/59 MP: 5/5
  2420 | D:4      | XOM: divination: magic mapping
  2424 | D:4      | Killed Duvessa
  2441 | D:3      | Killed Dowan
  2499 | D:4      | XOM: cast spell 'Ice Form'
  2502 | D:4      | Noticed Robin
  2520 | D:4      | XOM: summons friendly white imp
  2526 | D:4      | Killed Robin
  2531 | D:4      | Reached XP level 7. HP: 67/67 MP: 6/6
  2780 | D:4      | Found a sparkling altar of Nemelex Xobeh.
  2797 | D:4      | XOM: colour smoke trail
  2801 | D:4      | Found Upogaris's Jewellery Shoppe.
  2804 | D:4      | Bought a +2 ring of dexterity for 105 gold pieces
  2805 | D:4      | Bought a cursed ring of teleportation for 63 gold pieces
  3020 | D:5      | Entered Level 5 of the Dungeon
  3093 | D:5      | XOM: mild Tloc miscast
  3094 | D:5      | Noticed a spatial vortex
  3184 | D:5      | XOM: repel stairs
  3243 | D:5      | Noticed Edmund
  3245 | D:5      | Noticed Eustachio
  3255 | D:5      | XOM: polymorph rat -> gnoll
  3264 | D:5      | Killed Edmund
  3264 | D:5      | Reached skill level 7 in Unarmed Combat
  3270 | D:5      | Killed Eustachio
  3270 | D:5      | Reached XP level 8. HP: 50/79 MP: 7/7
  3393 | D:5      | Found Tiss's Gadget Shop.
  3403 | D:5      | XOM: cast spell 'Metabolic Englaciation'
  3451 | D:5      | Reached skill level 5 in Fighting
  3531 | D:5      | Reached skill level 8 in Unarmed Combat
  3744 | D:6      | XOM: silly message
  3760 | D:6      | XOM: smoke on damage
  3773 | D:6      | XOM: polymorph gnoll -> centaur
  3779 | D:6      | XOM: medium Hex miscast
  4002 | D:6      | XOM: blink monster(s)
  4057 | D:6      | XOM: polymorph gnoll sergeant -> steam dragon
  4077 | D:6      | XOM: give mutations
  4077 | D:6      | Gained mutation: You are partially covered in large bone plates (AC +2, SH +2). [Xom's grace]
  4077 | D:6      | Gained mutation: Your flesh is heat resistant. [Xom's grace]
  4077 | D:6      | Gained mutation: You are surrounded by a mild repulsion field (EV +2). [Xom's grace]
  4333 | D:6      | XOM is BORED!
  4333 | D:6      | Found a radiant altar of Vehumet.
  4333 | D:6      | XOM: 3-stop teleportation journey
  4346 | D:6      | Reached skill level 9 in Unarmed Combat
  4414 | D:6      | XOM: mild Tloc miscast
  4464 | D:6      | XOM: divination: magic mapping
  4473 | D:6      | XOM: potion effect (agility)
  4477 | D:6      | XOM: potion effect (brilliance)
  4612 | D:6      | Reached skill level 1 in Slings
  4612 | D:6      | Reached XP level 9. HP: 89/89 MP: 8/8
  4680 | D:6      | XOM: 1-stop teleportation journey
  4738 | D:6      | XOM: noise
  4762 | D:6      | XOM: divination: detect items
  4821 | D:6      | Found a staircase to the Ecumenical Temple.
  5073 | D:6      | XOM: enchant monster (good)
  5076 | D:6      | XOM: cast spell 'Monstrous Menagerie'
  5189 | D:6      | XOM is BORED!
  5189 | D:6      | XOM: mild Air miscast
  5191 | D:6      | XOM: mild Conj miscast
  5327 | D:7      | Found an ancient bone altar of Kikubaaqudgha.
  5328 | D:7      | Found an opulent altar of Gozag.
  5331 | D:7      | Found a deep blue altar of Sif Muna.
  5331 | D:7      | Found a sacrificial altar of Ru.
  5333 | D:7      | Found a glowing golden altar of the Shining One.
  5334 | D:7      | Found a basalt altar of Yredelemnul.
  5345 | D:7      | XOM: confuse monster(s)
  5393 | D:7      | Noticed Pikel
  5399 | D:7      | XOM: harmless Fire miscast
  5403 | D:7      | Killed Pikel
  5403 | D:7      | Reached skill level 10 in Unarmed Combat
  5489 | D:7      | XOM: noise
  5598 | D:6      | XOM: noise
  5781 | D:7      | XOM: confuse monster(s)
  5813 | D:7      | Noticed EnragedOxygen's ghost (novice DsAK)
  5825 | D:7      | XOM: divination: detect items
  5832 | D:7      | XOM: confuse monster(s)
  5840 | D:7      | Killed EnragedOxygen's ghost
  5840 | D:7      | Reached XP level 10. HP: 75/104 MP: 9/9
  6037 | D:7      | XOM: cast spell 'Statue Form'
  6115 | D:8      | XOM: mild Conj miscast
  6266 | D:8      | XOM: destruction
  6298 | D:8      | Found an iron altar of Okawaru.
  6321 | D:8      | XOM: colour smoke trail
  6338 | D:8      | XOM: mild Fire miscast
  6541 | D:8      | Reached skill level 11 in Unarmed Combat
  6732 | D:8      | XOM: harmless Necr miscast
  6739 | D:8      | Found a blossoming altar of Fedhas.
  6744 | D:8      | Reached skill level 1 in Evocations
  6747 | D:8      | Upgraded the game from 0.18-a0-1443-ge8f1551 to 0.18-a0-1468-gaf180a1
  6861 | D:8      | XOM: mild Pois miscast
  7092 | D:9      | Identified the Grimoire of the Birds and Confrontation
  7095 | D:9      | Learned a level 1 spell: Shock
  7130 | D:9      | XOM: enchant monster (good)
  7314 | D:9      | XOM: 1-stop teleportation journey
  7317 | D:9      | XOM: summons 6 friendly demons
  7498 | D:9      | Noticed Joseph
  7515 | D:9      | Killed Joseph
  7562 | D:9      | XOM: fog
  7581 | D:9      | XOM: confuse monster(s)
  7585 | D:9      | XOM: summons friendly ufetubus
  8082 | D:10     | Entered Level 10 of the Dungeon
  8128 | D:10     | Found a staircase to the Orcish Mines.
  8146 | D:10     | Reached skill level 12 in Unarmed Combat
  8289 | D:10     | XOM: vitrification
  8293 | D:10     | Noticed Snorg
  8325 | D:10     | XOM: cast spell 'Conjure Ball Lightning'
  8327 | D:10     | XOM: confuse monster(s)
  8468 | D:10     | XOM: enchant monster (good)
  8475 | D:10     | XOM: summons 6 friendly demons
  8489 | D:10     | XOM: fog
  8496 | D:10     | Killed Snorg
  8496 | D:10     | Reached skill level 1 in Throwing
  8496 | D:10     | Reached XP level 11. HP: 79/115 MP: 10/10
  8583 | D:10     | XOM: 1-stop teleportation journey
  8589 | D:10     | XOM: divination: detect creatures
  8657 | D:10     | Noticed a hill giant
  8663 | D:10     | Killed a hill giant
  8673 | D:10     | Noticed a hill giant
  8674 | D:10     | XOM: potion effect (brilliance)
  8675 | D:10     | XOM: cast spell 'Confusing Touch'
  8685 | D:10     | Killed a hill giant
  8703 | D:10     | Noticed Erolcha
  8712 | D:10     | Killed Erolcha
  8783 | D:10     | Noticed Erica
  8792 | D:10     | Killed Erica
  8798 | D:10     | Upgraded the game from 0.18-a0-1468-gaf180a1 to 0.18-a0-1481-g708b138
  8807 | D:10     | Noticed Gastronok
  8826 | D:10     | Killed Gastronok
  8964 | D:10     | XOM: medium Fire miscast
  9092 | D:10     | Learned a level 2 spell: Repel Missiles
  9112 | D:10     | XOM: harmless Conj miscast
  9198 | D:11     | XOM: harmless Chrm miscast
  9253 | D:11     | You fall through a shaft for 3 floors!
  9253 | D:14     | Noticed a centaur warrior
  9253 | D:14     | XOM: confuse monster(s)
  9276 | D:14     | XOM: summons 11 friendly demons
  9283 | D:14     | XOM: summons 3 friendly demons
  9285 | D:14     | Noticed a white ugly thing
  9299 | D:14     | Killed a centaur warrior
  9303 | D:14     | Noticed a white ugly thing
  9304 | D:14     | Noticed a white ugly thing
  9305 | D:14     | Noticed a white ugly thing
  9306 | D:14     | Noticed a white ugly thing
  9321 | D:14     | XOM: divination: magic mapping
  9332 | D:14     | XOM: divination: detect creatures
  9457 | D:13     | Found a gate to the Vaults.
  9457 | D:13     | Noticed an orc knight
  9457 | D:13     | Noticed a hill giant
  9457 | D:13     | Noticed a skeletal warrior
  9459 | D:13     | XOM: summons 9 friendly demons
  9471 | D:12     | XOM: 8-stop teleportation journey
  9476 | D:12     | Found a frozen archway.
  9549 | IceCv    | Entered an ice cave
  9567 | IceCv    | Reached skill level 5 in Dodging
  9569 | IceCv    | XOM: confuse monster(s)
  9659 | IceCv    | Reached skill level 13 in Unarmed Combat
  9673 | IceCv    | XOM: fog
  9684 | IceCv    | XOM: god gift: runed short sword {god gift}
  9698 | IceCv    | XOM: swap monsters
  9739 | IceCv    | XOM: god gift: runed rapier {god gift}
  9839 | IceCv    | Reached XP level 12. HP: 126/126 MP: 11/11
  9845 | IceCv    | Reached skill level 10 in Fighting
  9877 | IceCv    | XOM: polymorph yak -> raiju
  9882 | IceCv    | Noticed a death yak
  9883 | IceCv    | Noticed a death yak
  9883 | IceCv    | XOM: silly message
  9886 | IceCv    | XOM: 3-stop teleportation journey
  9961 | IceCv    | Killed a death yak
  9969 | IceCv    | XOM: silly message
  9979 | IceCv    | XOM: enchant monster (bad)
  9983 | IceCv    | Killed a death yak
 10156 | IceCv    | XOM: noise
 10240 | IceCv    | Noticed a frost giant
 10263 | IceCv    | XOM: fog
 10279 | IceCv    | XOM: 5-stop teleportation journey
 10395 | IceCv    | XOM: harmless Chrm miscast
 10529 | IceCv    | Killed from afar by a frost giant

Vault maps used:
D:1:      lightli_arrival_statue_moat, nrook_uturn
D:3:      johnstein_pakellas_death_squad, lemuel_angel_altar, uniq_natasha
D:4:      serial_shops, nicolae_shop_behind_doors, first_bread,
          nemelex_spade_bored_becter, uniq_robin, uniq_duvessa
D:5:      serial_shops, nicolae_shop_temple_entry_statues_fountains,
          uniq_eustachio, uniq_edmund
D:6:      lemuel_castle_with_subvaults, fiery_altar_vehumet,
          minmay_temple_entry_glassed_door, kennysheep_boxes
D:7:      grunt_temple_overflow_open, uniq_pikel
D:8:      hangedman_tree_tricks, kennysheep_cross_room, okawaru_gym_becter
D:9:      uniq_joseph
D:10:     orc_0_dummy, uniq_erolcha, uniq_erica, uniq_gastronok, uniq_snorg
D:11:     lair_0_dummy, grunt_ministairs_2, minivault_14
D:12:     portal_ice_cave_entry_imps
D:13:     david_vaults_3, serial_shops, shop
D:14:     water_boxes_lemuel, uniq_kirke
IceCv:    ice_cave_caverns_03

Skill      XL: |  1  2  3  4  5  6  7  8  9 10 11 12 |
---------------+-------------------------------------+-----
Unarmed Combat | 4 5 6 7 9 10 12 13 | 13.8
Short Blades   | 1 2 3 |  3.0
Fighting       | 3 4 6 7 9 10 | 10.2
Slings         | 1 |  1.7
Evocations     | 1 |  1.0
Dodging        | 2 5 6 |  6.4
Throwing       | 1 3 4 |  4.0

Action                   |  1- 3 |  4- 6 |  7- 9 | 10-12 || total
-------------------------+-------+-------+-------+-------++-------
Melee: Unarmed           |    85 |   130 |   359 |   484 ||  1058
       Dagger            |       |    27 |    20 |       ||    47
       Halberd           |       |       |    25 |       ||    25
       Short sword       |       |       |       |     1 ||     1
       Scimitar          |       |       |       |     9 ||     9
 Fire: Hunting sling     |       |       |    15 |     8 ||    23
Throw: Stone             |       |     2 |     5 |       ||     7
       Tomahawk          |       |       |     3 |    25 ||    28
       Throwing net      |       |       |       |     1 ||     1
Evoke: Wand              |       |       |     3 |     6 ||     9
  Use: Scroll            |     3 |    10 |    13 |    10 ||    36
       Potion            |       |       |     1 |     6 ||     7
 Stab: Distracted        |       |       |     1 |       ||     1
       Confused          |       |       |     2 |     3 ||     5
       Sleeping          |       |       |     1 |     2 ||     3
  Eat: Chunk             |     8 |    20 |    35 |    49 ||   112
       Meat ration       |     1 |       |       |       ||     1
